AoeStats
← JocZilla

MegaRandom

505125639Analyzed
3v3 RM · 24d ago on Sep 7, 2026· 35m 4s· 6 players
Game mode
Random Map
Map size
Normal (6 player)
Population
200
Speed
Normal
Resources
Standard
Victory
Conquest
Starting age
Dark Age
Ending age
Imperial Age
RankedLock teamsTeams togetherTeam positionsShared explorationLock speedFull tech treeHidden civsTurbo modeCheats
Victory
Defeat
🇨🇳 Mongols · China
997
+14
🇫🇷 Turks · France
995
+14
🇺🇸 Goths · United States
943
+16
🇦🇷 Huns · Argentina
981
-16
🇦🇷 Bohemians · Argentina
966
-15
🇦🇷 Burgundians · Argentina
898
-13
Hola Nena
12:07 Loom
15:14 Feudal Age
16:40 Horse Collar
19:03 Castle Age
17:21 Bloodlines
17:44 Gold Mining
25:55 Husbandry
28:30 Scale Barding Armor
28:36 Forging
Lapalida22
11:18 Feudal Age
11:52 Wheelbarrow
11:04 Loom
11:15 Double-Bit Axe
12:47 Bow Saw
16:50 Loom
19:38 Gold Mining
22:34 Gold Shaft Mining
24:29 Castle Age
22:47 Scale Mail Armor
maurito.trenta
10:18 Feudal Age
9:42 Loom
11:26 Double-Bit Axe
11:25 Horse Collar
19:38 Castle Age
24:50 Bow Saw
26:04 Chemistry
Skunq aka toxic
8:52 Loom
10:39 Feudal Age
16:03 Castle Age
16:26 Double-Bit Axe
16:27 Horse Collar
20:49 Wheelbarrow
20:16 Heavy Plow
20:52 Bow Saw
25:34 Hand Cart
27:47 Padded Archer Armor
29:39 Leather Archer Armor
36:18 Imperial Age
34:59 Scale Barding Armor
35:04 Forging
女生言午
9:34 Loom
11:44 Feudal Age
16:21 Castle Age
15:04 Forging
15:36 Scale Barding Armor
16:05 Horse Collar
16:39 Double-Bit Axe
18:11 Double-Bit Axe
18:48 Bloodlines
19:48 Wheelbarrow
22:54 Husbandry
24:13 Hand Cart
24:50 Heavy Plow
27:20 Gold Mining
27:10 Light Cavalry
28:42 Chain Barding Armor
30:02 Gold Shaft Mining
30:09 Iron Casting
34:28 Imperial Age
34:39 Bow Saw
34:44 Hussar
36:33 Blast Furnace
JocZilla
0:32 Loom
15:03 Feudal Age
20:05 Castle Age
18:13 Horse Collar
18:25 Double-Bit Axe
21:33 Bow Saw
21:27 Heavy Plow
22:17 Fletching
33:40 Bodkin Arrow
Connection lost

Rejoining the realm…

Still unreachable

The connection could not be restored.

Session expired

The server has moved on; the page needs a fresh start.